 Dungeon Crawl Stone Soup version 0.32-a0-818-gb728d0252e (webtiles) character file.

Game seed: 4228493108488191527

54 wilfster70 the Chiller (level 3, 0/26 HPs)
             Began as a Draconian Ice Elementalist on Mar 23, 2024.
             Succumbed to Sigmund's poison
             ... on level 2 of the Dungeon.
             The game lasted 00:06:15 (1821 turns).

wilfster70 the Chiller (Draconian Ice Elementalist) Turns: 1821, Time: 00:06:15

Health: 0/26       AC:  6    Str: 10    XL:     3   Next: 66%
Magic:  4/7        EV: 11    Int: 17    God:
Gold:   138        SH:  0    Dex: 11    Spells: 3/7 levels left

rFire   . . .        a - +0 spear
rCold   . . .        (no shield)
rNeg    . . .        (body armour unavailable)
rPois   .            (helmet restricted)
rElec   .            (no cloak)
rCorr   .            c - +0 pair of gloves
SInv    .            (no boots)
Will    .....        (no amulet)
Stlth   +            (no ring)
HPRegen 0.24/turn    (no ring)
MPRegen 0.10/turn

%: no passive effects
@: confused, mighty, lethally poisoned (0 -> -9)
A: AC +5, unfitting armour, cold-blooded
a: no special abilities


You were on level 2 of the Dungeon.
You visited 1 branch of the dungeon, and saw 2 of its levels.

You collected 138 gold pieces.

Inventory:

Hand Weapons
 a - a +0 spear (weapon)
Armour
 c - a +0 pair of gloves (worn)
Jewellery
 b - an amulet of guardian spirit
Scrolls
 e - a scroll of blinking {unknown}
 r - a scroll of identify
Potions
 d - a potion of magic
 g - a potion of enlightenment


   Skills:
 - Level 1.7 Dodging
 - Level 1.7 Stealth
 + Level 2.7 Spellcasting
 * Level 5.0 Ice Magic


You had 3 spell levels left.
You knew the following spells:

 Your Spells              Type           Power      Damage    Failure   Level
a - Freeze                Ice            76%        1d8       2%          1
b - Frozen Ramparts       Ice            38%        1d6       7%          3

Your spell library contained the following spells:

 Spells                   Type           Power      Damage    Failure   Level
 Ozocubu's Armour         Ice            19%        N/A       7%          3
 Summon Ice Beast         Ice/Summ       10%        N/A       19%         3
 Passwall                 Erth           2%         N/A       47%         3
 Volatile Blastmotes      Fire/Tloc      4%         2d10      47%         3
 Bombard                  Conj/Erth      1%         9d1       100%        6


Dungeon Overview and Level Annotations

Branches:
Dungeon (2/15)

Altars:

Annotations:
D:1 2 runed translucent doors
D:2 Sigmund


Innate Abilities, Weirdness & Mutations

Your plain brown scales are hard. (AC +5)
You cannot fit into any form of body armour.
You are cold-blooded and may be slowed by cold attacks.


Message History

Casting: Frozen Ramparts (quite dangerous; 7% risk of failure)
Confirm with . or Enter, or press ? or * to list all spells.
Okay, then.
Casting: Frozen Ramparts (quite dangerous; 7% risk of failure)
Confirm with . or Enter, or press ? or * to list all spells.
Casting: Frozen Ramparts (quite dangerous; 7% risk of failure)
Press: ? - help, Dir - look around, f - activate The walls around you are covered in ice.
Sigmund shouts!
The wall freezes Sigmund.
You reach to attack!
You hit Sigmund.
Sigmund is heavily wounded.
The wall freezes Sigmund.
Sigmund hits you from afar with a +4 scythe of venom.
You are poisoned.
You reach to attack!
You closely miss Sigmund.
Sigmund is heavily wounded.
You feel very sick.
The wall freezes Sigmund but does no damage.
Sigmund screams, "Die, monster!"
Sigmund barely misses you.
You reach to attack!
You hit Sigmund.
Sigmund is severely wounded.
You feel sick.
The wall freezes Sigmund.
Sigmund hits you from afar with a +4 scythe of venom.
You are lethally poisoned!
You are too injured to fight recklessly!
You are too injured to fight recklessly!
It was a potion of might.
You feel very mighty all of a sudden.
You feel very sick.
Okay, then.
The frozen ramparts melt away as you move.
* * * LOW HITPOINT WARNING * * *
You feel very sick.
* * * LOW HITPOINT WARNING * * *
You feel sick.
Sigmund points at you and mumbles some strange words.
You are confused.
You die...

##....#.## #.........
..#.....##################
#........................#
#.#.....################.#
#.#.....# #.....#######.#
#)......# #.#.........#.#
###.....# #.#.#.#####.#.#
........# #...#@# #...#.#
.....#### #####.# #.###.#
...### #.# #.....# ...#
#.# ####### ...# ......@.#
...# ######### ...# ...#
...#


You could see Sigmund.

Vanquished Creatures
  An adder (D:2)
  A ribbon worm (D:2)
  A dart slug (D:1)
  5 bats
  5 endoplasms
  3 goblins (D:1)
  3 hobgoblins (D:1)
  7 jackals
  3 ball pythons
  A frilled lizard (D:1)
  4 kobolds
  4 rats
38 creatures vanquished.

Notes
Turn   | Place    | Note
-------+----------+-------------------------------------------
     0 | D:1      | wilfster70 the Draconian Ice Elementalist began the quest
                  | for the Orb.
     0 | D:1      | Reached XP level 1. HP: 14/14 MP: 3/3
    69 | D:1      | Found a large runed translucent door.
    69 | D:1      | Found a large runed translucent door.
   206 | D:1      | Reached XP level 2. HP: 11/20 MP: 0/5
   993 | D:1      | Reached XP level 3. HP: 23/26 MP: 4/6
   997 | D:1      | Learned a level 3 spell: Frozen Ramparts
  1780 | D:2      | Reached skill level 5 in Ice Magic
  1813 | D:2      | Noticed Sigmund
  1821 | D:2      | Succumbed to Sigmund's poison

Illustrated notes

Levels and vault maps discovered:
D:1:      erik_arrival_cave_to_civilisation [erik_arrival_cave_to_temple],
          layout_basic, corexii_hall_statues_x
D:2:      layout_basic, minmay_misc_feat_diagonals, minmay_tetromino_s2,
          uniq_sigmund

Skill      XL: |  1  2  3 |
---------------+----------+-----
Ice Magic      | 5 |  5.0
Dodging        | |  1.7
Stealth        | |  1.7
Spellcasting   | |  2.7

Action                     || total
---------------------------++-------
  Melee: Dagger            ||    30
         Tailslap          ||     5
         Spear             ||    24
   Cast: Freeze            ||    45
         Frozen Ramparts   ||     3
    Use: Scroll            ||     7
         Potion            ||     1
   Stab: Sleeping          ||     1
 Armour: Skin              ||    64
  Dodge: Dodged            ||    67

Table legend: (Time is in decaauts)
 A = Elapsed time spent in this place.
 B = Non-inter-level travel time spent in this place.
 C = Inter-level travel time spent in this place.
 D = Time resting spent in this place.
 E = Time spent auto-exploring this place.
 F = Levels seen in this place.
 G = Mean time per level.
                   A        B        C        D        E       F      G
               +--------+--------+--------+--------+--------+-----+--------+
         Total |   1826 |   1728 |     98 |    335 |    621 |   2 |  913.0 |
       Dungeon |   1826 |   1728 |     98 |    335 |    621 |   2 |  913.0 |
               +--------+--------+--------+--------+--------+-----+--------+

Top non-repeatable levels by time:
     D:1: 1351 daAuts
     D:2: 475 daAuts
